3AAA
SALT LAKE CITY BUZZ @ BLOOMINGTON LONGNECKS
09/22/2026
 
TOP OF THE 1ST
Salt Lake City Buzz batting - Pitching for Bloomington Longnecks : RHP Miguel Cervantes
Pitching: RHP Miguel Cervantes
Batting: LHB Roberto Soto 0-0: Foul Ball, location: 2F
0-1: Ball
1-1: Called Strike
1-2: Ground out 1-3 (Groundball, 13S)
Batting: RHB Jung-hwan Kwon 0-0: Ground out 5-3 (Groundball, 56S)
Batting: RHB Justin MacPherson 0-0: Foul Ball, location: 2F
0-1: Foul Ball, location: 2F
0-2: Ball
1-2: Ball
2-2: Ball
3-2: Base on Balls
Batting: LHB Ángel Aguilar 0-0: Swinging Strike
0-1: Called Strike
0-2: Foul Ball, location: 2F
0-2: Ball
1-2: Fly out, F6 (Line Drive, 6)
Top of the 1st over - 0 run(s), 0 hit(s), 0 error(s), 1 left on base; Salt Lake City 0 - Bloomington 0
BOTTOM OF THE 1ST
Bloomington Longnecks batting - Pitching for Salt Lake City Buzz : LHP Roberto De La Cruz
Pitching: LHP Roberto De La Cruz
Batting: LHB Gabriel Díaz 0-0: Ball
1-0: Foul Ball, location: 2F
1-1: DOUBLE (Line Drive, 7LM)
Batting: RHB Raúl Delgado 0-0: Ball
1-0: Called Strike
1-1: Fly out, F4 (Line Drive, 4M)
Lined into DP, U4 (Line Drive, 4M)
Batting: LHB Adrián Gómez 0-0: Ball
1-0: Fly out, F8 (Flyball, 8RM)
Bottom of the 1st over - 0 run(s), 1 hit(s), 0 error(s), 0 left on base; Salt Lake City 0 - Bloomington 0
TOP OF THE 2ND
Salt Lake City Buzz batting - Pitching for Bloomington Longnecks : RHP Miguel Cervantes
Batting: RHB Vicente Cruz 0-0: Ball
1-0: Foul Ball, location: 2F
1-1: Ball
2-1: Foul Ball, location: 2F
2-2: Strikes out swinging
Batting: RHB Daryl Moran 0-0: Called Strike
0-1: DOUBLE (Line Drive, 9LM) - OUT at third base trying to stretch hit.
Batting: SHB Wayne Saunders 0-0: Ball
1-0: Fly out, F8 (Flyball, 8RD)
Top of the 2nd over - 0 run(s), 1 hit(s), 0 error(s), 0 left on base; Salt Lake City 0 - Bloomington 0
BOTTOM OF THE 2ND
Bloomington Longnecks batting - Pitching for Salt Lake City Buzz : LHP Roberto De La Cruz
Batting: LHB José Ruíz 0-0: Ball
1-0: Called Strike
1-1: Swinging Strike
1-2: Foul Ball, location: 2F
1-2: Strikes out looking
Batting: RHB Ty Struck 0-0: Foul Ball, location: 2F
0-1: Ball
1-1: Ball
2-1: Ball
3-1: Foul Ball, location: 2F
3-2: SINGLE (Line Drive, 8LS)
Batting: SHB Adrián Pueblo 0-0: Fly out, F9 (Line Drive, 89S)
Batting: LHB Juan Hernández 0-0: Ball
1-0: Ball
2-0: Foul Ball, location: 2F
2-1: Fielders Choice at 2nd, 4-6 (Groundball, 4)
Bottom of the 2nd over - 0 run(s), 1 hit(s), 0 error(s), 0 left on base; Salt Lake City 0 - Bloomington 0
TOP OF THE 3RD
Salt Lake City Buzz batting - Pitching for Bloomington Longnecks : RHP Miguel Cervantes
Batting: RHB Alan Rosales 0-0: Ball
1-0: Fly out, F9 (Flyball, 89S)
Batting: RHB Adrian Rodgers 0-0: Ball
1-0: Ball
2-0: Ball
3-0: Called Strike
3-1: Ground out 6-3 (Groundball, 56)
Batting: LHB Roberto Soto 0-0: Called Strike
0-1: Foul Ball, location: 2F
0-2: Ball
1-2: Ball
2-2: SINGLE (Groundball, 4MD)
Batting: RHB Jung-hwan Kwon 0-0: Called Strike
Roberto Soto steals 2nd base
0-1: Ball
1-1: Ball
2-1: Foul Ball, location: 2F
2-2: Ball
3-2: Foul Ball, location: 2F
3-2: Foul Ball, location: 2F
3-2: Base on Balls
Batting: RHB Justin MacPherson 0-0: Ball
1-0: Fly out, F9 (Flyball, 89S)
Top of the 3rd over - 0 run(s), 1 hit(s), 0 error(s), 2 left on base; Salt Lake City 0 - Bloomington 0
BOTTOM OF THE 3RD
Bloomington Longnecks batting - Pitching for Salt Lake City Buzz : LHP Roberto De La Cruz
Batting: LHB Fernando González 0-0: Ball
1-0: Ball
2-0: Foul Ball, location: 2F
2-1: Ground out 6-3 (Groundball, 6M)
Batting: RHB Sergio Cortéz 0-0: Called Strike
0-1: Ball
1-1: Called Strike
1-2: Foul Ball, location: 2F
1-2: Foul Ball, location: 2F
1-2: Reached on error, E5 (Groundball, 2L)
Batting: LHB Gabriel Díaz 0-0: Ball
1-0: Foul Ball, location: 2F
1-1: Called Strike
1-2: Ground out 3-1 (Groundball, 34S)
Sergio Cortéz to third
Batting: RHB Raúl Delgado 0-0: Ball
1-0: Ball
2-0: Ball
3-0: Called Strike
3-1: Called Strike
3-2: Fly out, F8 (Flyball, 8RM)
Bottom of the 3rd over - 0 run(s), 0 hit(s), 1 error(s), 1 left on base; Salt Lake City 0 - Bloomington 0
TOP OF THE 4TH
Salt Lake City Buzz batting - Pitching for Bloomington Longnecks : RHP Miguel Cervantes
Batting: LHB Ángel Aguilar 0-0: Ball
1-0: Ball
2-0: Fly out, F9 (Flyball, 9LM)
Batting: RHB Vicente Cruz 0-0: Called Strike
0-1: Foul Ball, location: 2F
0-2: Ball
1-2: Foul Ball, location: 2F
1-2: Ball
2-2: Fly out, F4 (Flyball, 4D)
Batting: RHB Daryl Moran 0-0: Called Strike
0-1: Ball
1-1: Foul Ball, location: 2F
1-2: Foul Ball, location: 2F
1-2: Foul Ball, location: 2F
1-2: Ground out 1-3 (Groundball, 13S)
Top of the 4th over - 0 run(s), 0 hit(s), 0 error(s), 0 left on base; Salt Lake City 0 - Bloomington 0
BOTTOM OF THE 4TH
Bloomington Longnecks batting - Pitching for Salt Lake City Buzz : LHP Roberto De La Cruz
Batting: LHB Adrián Gómez 0-0: Foul Ball, location: 2F
0-1: Foul Ball, location: 2F
0-2: Ball
1-2: Ball
2-2: Ball
3-2: Foul Ball, location: 2F
3-2: Foul Ball, location: 2F
3-2: SINGLE (Groundball, 6MD)
Batting: LHB José Ruíz 0-0: Foul Ball, location: 2F
0-1: Swinging Strike
0-2: Fly out, F7 (Flyball, 7LMF)
Batting: RHB Ty Struck 0-0: Called Strike
0-1: Ball
1-1: Called Strike
1-2: Strikes out looking
Batting: SHB Adrián Pueblo 0-0: Ball
1-0: SINGLE (Groundball, 4D)
Adrián Gómez to second
Runner from 2nd tries for 3rd, SAFE, throw made to third
Batting: LHB Juan Hernández 0-0: Ball
1-0: SINGLE (Groundball, 15S) (infield hit)
Adrián Gómez scores
Adrián Pueblo to second
Batting: LHB Fernando González 0-0: Fielders Choice at 2nd, 4-6 (Groundball, 4)
Bottom of the 4th over - 1 run(s), 3 hit(s), 0 error(s), 1 left on base; Salt Lake City 0 - Bloomington 1
TOP OF THE 5TH
Salt Lake City Buzz batting - Pitching for Bloomington Longnecks : RHP Miguel Cervantes
Batting: SHB Wayne Saunders 0-0: Foul Ball, location: 2F
0-1: SOLO HOME RUN (Flyball, 9D), Distance : 348 ft
Batting: RHB Alan Rosales 0-0: Ball
1-0: SINGLE (Groundball, 4MD)
Batting: RHB Adrian Rodgers 0-0: Sac Bunt - play at second, runner OUT -> throw to first, DP!
Batting: LHB Roberto Soto 0-0: Ball
1-0: Called Strike
1-1: SINGLE (Groundball, 56D)
Batting: RHB Jung-hwan Kwon 0-0: Called Strike
Roberto Soto steals 2nd base
0-1: Ball
1-1: Ground out 4-3 (Groundball, 34)
Top of the 5th over - 1 run(s), 3 hit(s), 0 error(s), 1 left on base; Salt Lake City 1 - Bloomington 1
BOTTOM OF THE 5TH
Bloomington Longnecks batting - Pitching for Salt Lake City Buzz : LHP Roberto De La Cruz
Batting: RHB Sergio Cortéz 0-0: Ground out 4-3 (Groundball, 4)
Batting: LHB Gabriel Díaz 0-0: Ball
1-0: Ball
2-0: Called Strike
2-1: Foul Ball, location: 2F
2-2: Foul Ball, location: 2F
2-2: Fly out, F4 (Line Drive, 4M)
Batting: RHB Raúl Delgado 0-0: Foul Ball, location: 2F
0-1: Ball
1-1: Ball
2-1: Foul Ball, location: 2F
2-2: Ball
3-2: Foul Ball, location: 2F
3-2: Reached on error, E6 (Line Drive, 56D)
Batting: LHB Adrián Gómez 0-0: Ball
1-0: Fly out, F8 (Flyball, 8LM)
Bottom of the 5th over - 0 run(s), 0 hit(s), 1 error(s), 1 left on base; Salt Lake City 1 - Bloomington 1
TOP OF THE 6TH
Salt Lake City Buzz batting - Pitching for Bloomington Longnecks : RHP Miguel Cervantes
Batting: RHB Justin MacPherson 0-0: Ball
1-0: Ground out 6-3 (Groundball, 6S)
Batting: LHB Ángel Aguilar 0-0: Ball
1-0: Swinging Strike
1-1: Ball
2-1: Fly out, F8 (Flyball, 8LD)
Batting: RHB Vicente Cruz 0-0: Ball
1-0: Ground out 6-3 (Groundball, 6)
Top of the 6th over - 0 run(s), 0 hit(s), 0 error(s), 0 left on base; Salt Lake City 1 - Bloomington 1
BOTTOM OF THE 6TH
Bloomington Longnecks batting - Pitching for Salt Lake City Buzz : LHP Roberto De La Cruz
Batting: LHB José Ruíz 0-0: Called Strike
0-1: Called Strike
0-2: Foul Ball, location: 2F
0-2: Ground out 3-1 (Groundball, 34S)
Batting: RHB Ty Struck 0-0: Ball
1-0: Called Strike
1-1: Ball
2-1: Foul Ball, location: 2F
2-2: Ground out 5-3 (Groundball, 56)
Batting: SHB Adrián Pueblo 0-0: Foul Ball, location: 2F
0-1: Ball
1-1: Ball
2-1: Foul Ball, location: 2F
2-2: Ground out U3 (Groundball, 34)
Bottom of the 6th over - 0 run(s), 0 hit(s), 0 error(s), 0 left on base; Salt Lake City 1 - Bloomington 1
TOP OF THE 7TH
Salt Lake City Buzz batting - Pitching for Bloomington Longnecks : RHP Miguel Cervantes
Batting: RHB Daryl Moran 0-0: Fly out, F6 (Line Drive, 6)
Batting: SHB Wayne Saunders 0-0: Ball
1-0: Called Strike
1-1: Fly out, F7 (Flyball, 7)
Batting: RHB Alan Rosales 0-0: Ball
1-0: Fly out, F9 (Flyball, 9S)
Top of the 7th over - 0 run(s), 0 hit(s), 0 error(s), 0 left on base; Salt Lake City 1 - Bloomington 1
BOTTOM OF THE 7TH
Bloomington Longnecks batting - Pitching for Salt Lake City Buzz : LHP Roberto De La Cruz
Pitching: RHP Powell Horne
Batting: LHB Juan Hernández 0-0: Ball
1-0: Ground out 4-3 (Groundball, 4)
Batting: LHB Fernando González 0-0: Called Strike
0-1: Ball
1-1: Ball
2-1: Ball
3-1: Foul Ball, location: 2F
3-2: Foul Ball, location: 2F
3-2: Strikes out swinging
Pinch Hitting: RHB Raúl Robles 0-0: Fly out, F8 (Flyball, 8RM)
Bottom of the 7th over - 0 run(s), 0 hit(s), 0 error(s), 0 left on base; Salt Lake City 1 - Bloomington 1
TOP OF THE 8TH
Salt Lake City Buzz batting - Pitching for Bloomington Longnecks : RHP Miguel Cervantes
Now in LF: Javier De Jesús
Batting: RHB Adrian Rodgers 0-0: Ball
1-0: Ground out 6-3 (Groundball, 6)
Batting: LHB Roberto Soto 0-0: Ball
1-0: Ball
2-0: Ball
3-0: Called Strike
3-1: Base on Balls
Batting: RHB Jung-hwan Kwon 0-0: Ball
1-0: Foul Ball, location: 2F
1-1: Fly out, F9 (Line Drive, 9)
Batting: RHB Justin MacPherson 0-0: Ball
1-0: Called Strike
1-1: Called Strike
1-2: Foul Ball, location: 2F
1-2: Ball
2-2: SINGLE (Groundball, 6MD)
Roberto Soto to second
Runner from 2nd tries for 3rd, OUT!
Top of the 8th over - 0 run(s), 1 hit(s), 0 error(s), 1 left on base; Salt Lake City 1 - Bloomington 1
BOTTOM OF THE 8TH
Bloomington Longnecks batting - Pitching for Salt Lake City Buzz : RHP Powell Horne
Batting: LHB Gabriel Díaz 0-0: Ball
1-0: Ball
2-0: Ball
3-0: Base on Balls
Batting: RHB Raúl Delgado 0-0: Bunted foul
0-1: Bunt missed!
0-2: Ball
1-2: Ball
2-2: Foul Ball, location: 2F
2-2: Ball
3-2: Foul Ball, location: 2F
3-2: Base on Balls
Gabriel Díaz to second
Batting: LHB Adrián Gómez 0-0: Swinging Strike
0-1: Called Strike
0-2: Ball
1-2: Strikes out swinging
Batting: LHB José Ruíz 0-0: Ball
1-0: Ball
2-0: SINGLE (Groundball, 56D)
Gabriel Díaz to third
Raúl Delgado to second
Runner from 3rd tries for Home, SAFE, no throw
Pinch Hitting: SHB Jared Jefferson 0-0: Swinging Strike
0-1: Foul Ball, location: 2F
0-2: Grounds into double play, 5-4-3 (Groundball, 56)
Bottom of the 8th over - 1 run(s), 1 hit(s), 0 error(s), 1 left on base; Salt Lake City 1 - Bloomington 2
TOP OF THE 9TH
Salt Lake City Buzz batting - Pitching for Bloomington Longnecks : RHP Miguel Cervantes
Pitching: RHP Enrique López
Now at 3B: Dave Farr
Batting: LHB Ángel Aguilar 0-0: Ball
1-0: Ball
2-0: Called Strike
2-1: Swinging Strike
2-2: Foul Ball, location: 2F
2-2: SINGLE (Line Drive, 34D)
Pinch Hitting: LHB Valentín Salas 0-0: Ball
1-0: Called Strike
1-1: Fielders Choice at 2nd, 1-6 (Groundball, 13)
Batting: RHB Daryl Moran 0-0: Ball
1-0: Grounds into double play, 6-4-3 (Groundball, 6)
Top of the 9th over - 0 run(s), 1 hit(s), 0 error(s), 0 left on base; Salt Lake City 1 - Bloomington 2
Monday, March 20th, 2017 - OOTP Baseball 17.12 Build 75